 Dungeon Crawl Stone Soup version 0.29.1-2-gbd0b4ee654 (webtiles) character file.

Game seed: 10450199532029037274

16 opdollar the Trooper (level 2, 0/16 HPs)
             Began as a Vine Stalker Fighter on Nov 14, 2022.
             Slain by a goblin
             ... wielding a +0 club
              (2 damage)
             ... on level 1 of the Dungeon.
             The game lasted 00:03:17 (361 turns).

opdollar the Trooper (Vine Stalker Fighter)          Turns: 361, Time: 00:03:20

Health: 0/16       AC:  6    Str: 18    XL:     2   Next: 54%
Magic:  0/3        EV:  9    Int:  8    God:
Gold:   7          SH:  4    Dex: 13    Spells: 1/1 levels left

rFire   . . .      SeeInvis .     - Unarmed
rCold   . . .      Faith    .   b - +0 buckler
rNeg    . . .      Spirit   +   a - +0 scale mail
rPois   .          Reflect  .   (no helmet)
rElec   .          Harm     .   (no cloak)
rCorr   .          Rampage  .   (no gloves)
Will    .....                   (no boots)
Stlth   ..........              (no amulet)
HPRegen 0.05/turn               (no ring)
MPRegen 0.08/turn               (no ring)

@: no status effects
A: fangs 2, magic shield, antimagic bite, no potion heal 2
a: no special abilities


You were on level 1 of the Dungeon.
You visited 1 branch of the dungeon, and saw 1 of its levels.

You collected 7 gold pieces.

Inventory:

Hand Weapons
 f - a +0 whip
Armour
 a - a +0 scale mail (worn)
 b - a +0 buckler (worn)
 d - a +0 leather armour
Scrolls
 e - a scroll of identify {unknown}
 g - a scroll of noise {unknown}
Potions
 c - a potion of might


   Skills:
 + Level 2.9 Fighting
 + Level 2.6 Armour
 + Level 2.9 Shields
 + Level 2.1 Unarmed Combat


You had one spell level left.
You didn't know any spells.
Your spell library was empty.

Dungeon Overview and Level Annotations

Branches:
Dungeon (1/15)

Altars:


Innate Abilities, Weirdness & Mutations

You have extremely sharp teeth.
When hurt, damage is shared between your health and your magic reserves.
Your bite disrupts and absorbs the magic of your enemies.
Potions cannot restore your health.


Message History

A giant cockroach, a kobold and a hobgoblin come into view.
The kobold shouts!
The hobgoblin shouts!
A goblin and a bat come into view.
Found a pair of runed boots.
The goblin shouts!
You closely miss the quokka.
A jackal comes into view.
The quokka completely misses you.
A dart slug comes into view.
The quokka closely misses you.
You closely miss the bat.
The jackal barks!
You bite the bat.
You kill the bat!
You hear a bark!
A jackal comes into view.
The quokka bites you.
You closely miss the quokka. The quokka bites you.
You closely miss the quokka. The quokka barely misses you.
A hobgoblin comes into view.
You barely miss the giant cockroach.
The hobgoblin shouts!
You block the quokka's attack.
The giant cockroach bites you but does no damage.
The kobold closely misses you. The quokka bites you.
You hit the giant cockroach but do no damage.
You bite the giant cockroach. You drain its power.
You feel invigorated.
The giant cockroach is lightly wounded.
You block the giant cockroach's attack. The quokka bites you.
The kobold hits you but does no damage. The goblin completely misses you.
The hobgoblin hits you.
* * * LOW HITPOINT WARNING * * *
You hit the hobgoblin but do no damage.
The giant cockroach bites you but does no damage.
The quokka bites you.
* * * LOW HITPOINT WARNING * * *
You block the kobold's attack. The hobgoblin hits you.
* * * LOW HITPOINT WARNING * * *
The giant cockroach barely misses you. The goblin hits you with a +0 club.
You die...

..#........# .#
##.#........# .# ##
#............ .# ..#
#...>........ .######...
..>......... .....#..#
###.......... .......#
#....gr...... .....###
#)##.@g......
.......#####.##.BK..g...
.#÷.##..(.....†.hh......
##....#####.#####..#....
#............ .......
###.........### #......
....#.#.###.. #....[
#####...# ##. .... ##..#
## ...


You could see a quokka, 2 jackals, a giant cockroach, 2 hobgoblins, a goblin and
a kobold.

Vanquished Creatures
  A gnoll (D:1)
  A dart slug (D:1)
  A ball python (D:1)
  A bat (D:1)
  2 rats (D:1)
6 creatures vanquished.

Notes
Turn   | Place    | Note
-------+----------+-------------------------------------------
     0 | D:1      | opdollar the Vine Stalker Fighter began the quest for the
                  | Orb.
     0 | D:1      | Reached XP level 1. HP: 11/11 MP: 2/2
    41 | D:1      | Reached XP level 2. HP: 9/16 MP: 3/3
   361 | D:1      | Slain by a goblin

Illustrated notes

Levels and vault maps discovered:
D:1:      tarquinn_simple_flora_water_e, layout_rooms,
          dreamdust_ecumenical_altar_drowned_temple

Action                   || total
-------------------------++-------
Melee: Unarmed           ||    27
       Bite              ||     4
Armor: Scale mail        ||    10
Dodge: Dodged            ||    12
Block: Buckler           ||     6
